 Dungeon Crawl Stone Soup version 0.31-a0-263-ge8cad7f256 (webtiles) character file.

Game seed: 6510167624610787577

522 qw the Shooter (level 7, -8/57 (60) HPs)
             Began as a Minotaur Hexslinger on July 13, 2023.
             Mangled by a wight
             ... wielding a +3 long sword
              (9 damage)
             ... on level 3 of the Dungeon.
             The game lasted 00:01:17 (2973 turns).

qw the Shooter (Minotaur Hexslinger)                Turns: 2973, Time: 00:01:18

HP:   -8/57 (60)    AC:  5    Str: 13    XL:     7   Next: 1%
MP:   7/7           EV: 11    Int: 10    God:
Gold: 176           SH:  0    Dex: 14    Spells: 7/8 levels left

rFire   . . .        Y - +3 sling (freeze)
rCold   . . .        (no shield)
rNeg    . . .        m - +0 ring mail
rPois   .            (helmet restricted)
rElec   .            (no cloak)
rCorr   .            (no gloves)
SInv    .            (no boots)
Will    .....        (no amulet)
Stlth   +            (no ring)
HPRegen 0.29/turn    (no ring)
MPRegen 0.10/turn

%: no passive effects
@: drained
A: horns 2, retaliatory headbutt
a: no special abilities


You were on level 3 of the Dungeon.
You visited 1 branch of the dungeon, and saw 4 of its levels.

You collected 176 gold pieces.


Innate Abilities, Weirdness & Mutations

You have a pair of horns on your head.
You reflexively headbutt those who attack you in melee.


   Skills:
 - Level 4.4 Fighting
 + Level 7.0 Ranged Weapons
 - Level 2.2 Armour
 - Level 2.1 Dodging
 - Level 1.0 Spellcasting
 - Level 2.0 Hexes


You had 7 spell levels left.
You knew the following spells:

 Your Spells              Type           Power      Damage    Failure   Level
a - Slow                  Hex            16%        N/A       32%         1

Your spell library contained the following spells:

 Spells                   Type           Power      Damage    Failure   Level
 Inner Flame              Hex/Fire       2%         N/A       82%         3
 Portal Projectile        Hex/Tloc       4%         N/A       82%         3
 Cause Fear               Hex            2%         N/A       97%         4

Inventory:

Hand Weapons
 Y - a +3 sling of freezing (weapon)
Armour
 m - a +0 ring mail (worn)
Scrolls
 g - a scroll of enchant armour
 l - a scroll of identify
Potions
 a - a potion of might
 e - a potion of resistance
 f - a potion of brilliance {unknown}
 h - a potion of degeneration {unknown}
 j - a potion of enlightenment {unknown}
 k - 4 potions of curing

Dungeon Overview and Level Annotations

Branches:
Dungeon (4/15)
 Temple: D:4-7

Altars:
Fedhas


Message History

There is a stone staircase leading up here.
2880 ||| STAIRDANCE You climb upwards.
There is a stone staircase leading down here.
You start resting.
HP restored.
Done exploring.
2964 ||| READING 2 scrolls of identify.
As you read the scroll of identify, it crumbles to dust.
e - a potion of resistance;
2964 ||| IDENTIFYING lumpy white potion Done exploring.
(D) Dungeon
Where to? (* - list waypoints, Enter - D:4, ? - help)
What level of the Dungeon? (default 1, ? - help)
You climb downwards.
The wight hits you with a +3 long sword.
There is a stone staircase leading up here.
2967 ||| STAIRDANCE The wight hits you with a +3 long sword!
You climb upwards.
There is a stone staircase leading down here.
You shoot a sling bullet. The sling bullet hits the wight.
The wight is lightly damaged.
The wight closely misses you.
You shoot a sling bullet. The sling bullet hits the wight.
The wight is moderately damaged.
The wight hits you with a +3 long sword!
You shoot a sling bullet. The sling bullet hits the wight.
The wight is heavily damaged.
The wight hits you with a +3 long sword!
You feel drained.
The wight hits you with a +3 long sword!
You shoot a sling bullet.
The sling bullet barely misses the wight.
The wight hits you with a +3 long sword!
You feel drained.
You shoot a sling bullet. The sling bullet hits the wight.
The wight is severely damaged.
The wight hits you with a +3 long sword!
You die...

#.#.#####.# #.....#
#.#..%....#####.##..#
#.####..>....##.#...#
#.# #.......##.#...#
#.# #.......##.#.#.#
#.# #.......##.....#
#.# #.......####.###
..# #.......# ##.##
#.## #.......# #@z.#
##.# ######### ##.##
#.## ##...## #.#
.######..[..## #.#
.<[..........## #.#
##..#(%.......###.#
##..#.............#
....%.........#####
##..##.......##


You could see a wight.

Vanquished Creatures
  Grinder (D:3)
  A wight (D:4)
  A hound (D:4)
  An orc priest (D:4)
  An iguana (D:4)
  Jessica (D:2)
  3 adders
  3 gnolls
  A dart slug (D:3)
  8 orcs
  11 ball pythons
  4 bats
  7 endoplasms
  3 giant cockroaches
  7 goblins
  4 hobgoblins
  6 jackals
  8 kobolds
  3 quokkas
  4 frilled lizards
  5 rats
83 creatures vanquished.

Notes
Turn   | Place    | Note
-------+----------+-------------------------------------------
     0 | D:1      | qw the Minotaur Hexslinger began the quest for the Orb.
     0 | D:1      | Reached XP level 1. HP: 16/16 MP: 1/1
     0 | D:1      | 0 ||| qw: Version: 0.3-a-52-g30416fa
     0 | D:1      | 0 ||| qw: Game counter: 7229
     0 | D:1      | 0 ||| qw: Melee chars always use a shield: true
     0 | D:1      | 0 ||| qw: God list: Okawaru
     0 | D:1      | 0 ||| qw: Allow faded altars: false
     0 | D:1      | 0 ||| qw: Do Orc after clearing Dungeon:15 true
     0 | D:1      | 0 ||| qw: Do second Lair branch before Depths: true
     0 | D:1      | 0 ||| qw: Lair rune preference: random
     0 | D:1      | 0 ||| qw: Goals: Normal
     0 | D:1      | 0 ||| PLANNING D:1-11
    80 | D:1      | Reached skill level 3 in Ranged Weapons
    88 | D:1      | Reached XP level 2. HP: 13/23 MP: 2/2
   678 | D:1      | Reached XP level 3. HP: 29/29 MP: 3/3
   687 | D:1      | 687 ||| UPGRADING to +0 leather armour.
   697 | D:1      | 697 ||| DROPPING +0 robe.
   698 | D:1      | 698 ||| UPGRADING to +0 ring mail.
   708 | D:1      | 708 ||| DROPPING +0 leather armour.
   709 | D:1      | 709 ||| READING 2 scrolls labelled ENWOUC SALEBRA.
   710 | D:1      | 710 ||| READING scroll of enchant weapon.
   710 | D:1      | 710 ||| ENCHANTING +2 sling.
   711 | D:1      | 711 ||| READING 2 scrolls labelled EHAM TIFEUM.
   712 | D:1      | 712 ||| READING scroll labelled WAGOGGY KAY.
   713 | D:1      | 713 ||| READING 2 scrolls labelled TIS FERPHESHRO.
   714 | D:1      | 714 ||| DRINKING 3 blue potions.
   715 | D:1      | 715 ||| DROPPING scroll of poison.
   947 | D:2      | Identified the +9 short sword "Lomn" {venom, Fly rC- Int+2
                  | Stlth+}
  1282 | D:2      | Reached skill level 4 in Ranged Weapons
  1332 | D:2      | Noticed Jessica
  1335 | D:2      | Killed Jessica
  1336 | D:2      | Reached XP level 4. HP: 36/36 MP: 4/4
  1528 | D:2      | 1528 ||| READING scroll labelled BUUROI GIPP.
  1529 | D:2      | 1529 ||| READING scroll labelled GAVON NIVOSIA.
  1593 | D:2      | 1593 ||| DRINKING 2 inky potions.
  1594 | D:2      | 1594 ||| READING 2 scrolls of identify.
  1594 | D:2      | 1594 ||| IDENTIFYING viscous silvery potion
  1595 | D:2      | 1595 ||| DROPPING potion of attraction.
  1622 | D:3      | 1622 ||| STAIRDANCE
  1684 | D:3      | 1684 ||| FLEEEEING.
  1685 | D:3      | 1685 ||| FLEEEEING.
  1686 | D:3      | 1686 ||| FLEEEEING.
  1687 | D:3      | 1687 ||| STAIRDANCE
  1707 | D:3      | 1707 ||| STAIRDANCE
  1908 | D:3      | 1908 ||| FLEEEEING.
  1909 | D:3      | 1909 ||| FLEEEEING.
  1910 | D:3      | 1910 ||| FLEEEEING.
  1911 | D:3      | 1911 ||| FLEEEEING.
  1912 | D:3      | 1912 ||| FLEEEEING.
  1913 | D:3      | 1913 ||| FLEEEEING.
  1914 | D:3      | 1914 ||| FLEEEEING.
  1915 | D:3      | 1915 ||| FLEEEEING.
  1916 | D:3      | 1916 ||| FLEEEEING.
  1917 | D:3      | 1917 ||| FLEEEEING.
  1919 | D:3      | 1919 ||| FLEEEEING.
  1920 | D:3      | 1920 ||| FLEEEEING.
  1922 | D:3      | 1922 ||| FLEEEEING.
  1923 | D:3      | 1923 ||| FLEEEEING.
  1924 | D:3      | 1924 ||| FLEEEEING.
  1931 | D:3      | 1931 ||| FLEEEEING.
  1932 | D:3      | 1932 ||| FLEEEEING.
  1933 | D:3      | 1933 ||| FLEEEEING.
  1937 | D:3      | 1937 ||| STAIRDANCE
  2003 | D:2      | 2003 ||| READING scroll labelled ITHEFUSAECK.
  2087 | D:3      | Noticed Grinder
  2101 | D:3      | Paralysed by Grinder for 5 turns
  2104 | D:3      | HP: 8/36 [Grinder (4)]
  2106 | D:3      | Killed Grinder
  2107 | D:3      | Reached skill level 6 in Ranged Weapons
  2107 | D:3      | Reached XP level 5. HP: 9/41 MP: 5/5
  2107 | D:3      | Reached XP level 6. HP: 11/48 MP: 6/6
  2329 | D:3      | Found a blossoming altar of Fedhas.
  2623 | D:4      | Reached skill level 3 in Fighting
  2801 | D:4      | HP: 9/47 [wight/+3 morningstar (9)]
  2806 | D:4      | Reached skill level 7 in Ranged Weapons
  2806 | D:4      | Reached XP level 7. HP: 12/60 MP: 7/7
  2824 | D:4      | 2824 ||| FLEEEEING.
  2831 | D:4      | 2831 ||| FLEEEEING.
  2832 | D:4      | 2832 ||| FLEEEEING.
  2833 | D:4      | 2833 ||| FLEEEEING.
  2837 | D:4      | 2837 ||| FLEEEEING.
  2838 | D:4      | 2838 ||| FLEEEEING.
  2839 | D:4      | 2839 ||| FLEEEEING.
  2840 | D:4      | 2840 ||| FLEEEEING.
  2841 | D:4      | 2841 ||| FLEEEEING.
  2842 | D:4      | 2842 ||| FLEEEEING.
  2843 | D:4      | 2843 ||| FLEEEEING.
  2844 | D:4      | 2844 ||| FLEEEEING.
  2847 | D:4      | 2847 ||| FLEEEEING.
  2848 | D:4      | 2848 ||| FLEEEEING.
  2851 | D:4      | 2851 ||| FLEEEEING.
  2852 | D:4      | 2852 ||| FLEEEEING.
  2860 | D:4      | 2860 ||| FLEEEEING.
  2866 | D:4      | 2866 ||| FLEEEEING.
  2867 | D:4      | 2867 ||| FLEEEEING.
  2868 | D:4      | 2868 ||| FLEEEEING.
  2869 | D:4      | 2869 ||| FLEEEEING.
  2870 | D:4      | 2870 ||| FLEEEEING.
  2871 | D:4      | 2871 ||| FLEEEEING.
  2877 | D:4      | 2877 ||| FLEEEEING.
  2878 | D:4      | 2878 ||| FLEEEEING.
  2879 | D:4      | 2879 ||| FLEEEEING.
  2880 | D:4      | 2880 ||| STAIRDANCE
  2964 | D:3      | 2964 ||| READING 2 scrolls of identify.
  2964 | D:3      | 2964 ||| IDENTIFYING lumpy white potion
  2967 | D:4      | 2967 ||| STAIRDANCE
  2971 | D:3      | HP: 13/59 [wight/+3 long sword (11)]
  2972 | D:3      | HP: 1/59 [wight/+3 long sword (12)]
  2973 | D:3      | Mangled by a wight

Levels and vault maps discovered:
D:1:      amcnicky_arrival_feature_with_door, layout_loops_ring
D:2:      layout_loops_ring, nicolae_hexahallways, minmay_misc_feat_cross,
          corexii_shack, st_stairs_1, eino_tiny_chamber, uniq_jessica
D:3:      layout_loops_cross, fedhas_altar_1, uniq_grinder
D:4:      layout_basic, worldfamousw_hep_ancestral_shrine

Skill      XL: |  1  2  3  4  5  6 |
---------------+-------------------+-----
Ranged Weapons | 3 4 6 7 |  7.0
Fighting       | 2 4 |  4.4
Armour         | 2 |  2.2
Dodging        | |  2.1
Spellcasting   | |  1.0
Hexes          | |  2.0

Action                     |  1- 3 |  4- 6 |  7- 9 || total
---------------------------+-------+-------+-------++-------
   Fire: Sling             |   126 |   110 |     5 ||   241
    Use: Scroll            |     5 |     4 |     1 ||    10
         Potion            |     1 |     1 |       ||     2
 Armour: Robe              |     4 |       |       ||     4
         Ring mail         |     7 |     7 |       ||    14
  Dodge: Dodged            |    37 |    28 |     1 ||    66

Table legend:
 A = Non-vault XP
 B = Vault XP
 C = Vault XP percentage of total XP
 D = Non-vault monster count
 E = Vault monster count
 F = Vault count percentage of total count
                 A         B        C        D         E       F
            +---------+---------+-------+---------+---------+-------
      Total |     399 |     347 |  46.5 |      77 |       6 |   7.2
            +---------+---------+-------+---------+---------+-------
        D:1 |      41 |       0 |   0.0 |      23 |       0 |   0.0
        D:2 |      55 |      43 |  43.9 |      22 |       5 |  18.5
        D:3 |      65 |     304 |  82.4 |      20 |       1 |   4.8
        D:4 |     238 |       0 |   0.0 |      12 |       0 |   0.0
            +---------+---------+-------+---------+---------+-------
